 Dungeon Crawl Stone Soup version 0.30-a0-1157-g2cc9ac7196 (webtiles) character file.

Game seed: 2154478997611746970

679 Newt the Chucker (level 7, -1/43 HPs)
             Began as a Kobold Gladiator on Apr 25, 2023.
             Killed from afar by Dowan (12 damage)
             ... with a puff of frost
             ... on level 4 of the Dungeon.
             The game lasted 00:04:49 (3610 turns).

Newt the Chucker (Kobold Gladiator)                 Turns: 3610, Time: 00:04:49

Health: -1/43      AC:  6    Str: 13    XL:     7   Next: 92%
Magic:  7/7        EV: 15    Int: 16    God:
Gold:   202        SH:  0    Dex: 16    Spells: 6/6 levels left

rFire   . . .        a - +1 rapier
rCold   . . .        (no shield)
rNeg    . . .        b - +0 leather armour
rPois   .            c - +1 helmet
rElec   .            (no cloak)
rCorr   .            (no gloves)
SInv    .            q - +0 pair of boots
Will    .....        (no amulet)
Stlth   +++          j - +6 ring of intelligence
HPRegen 0.27/turn    f - ring of flight
MPRegen 0.10/turn

%: no passive effects
@: flying
A: small, no large weapons, nightstalker 3
a: no special abilities


You were on level 4 of the Dungeon.
You visited 1 branch of the dungeon, and saw 4 of its levels.

You collected 202 gold pieces.

Inventory:

Hand Weapons
 a - a +1 rapier (weapon)
Missiles
 e - 5 boomerangs (quivered)
 g - 5 atropa-tipped darts
 h - 2 boomerangs of dispersal
 i - 2 throwing nets
Armour
 b - a +0 leather armour (worn)
 c - a +1 helmet (worn)
 q - a +0 pair of boots (worn)
Jewellery
 f - a ring of flight (right hand)
 j - a +6 ring of intelligence (left hand)
 l - a ring of protection from cold
Wands
 d - a wand of light (2)
 o - a wand of flame (16)
Scrolls
 p - a scroll of blinking
 u - a scroll of teleportation
Potions
 m - a potion of mutation
 r - a potion of attraction {unknown}
 s - a potion of flight {unknown}
 t - a potion of heal wounds


   Skills:
 - Level 4.0 Fighting
 - Level 4.0 Short Blades
 + Level 5.6 Throwing
 - Level 4.0 Armour
 - Level 4.0 Dodging
 - Level 3.0 Stealth


You had 6 spell levels left.
You didn't know any spells.
Your spell library contained the following spells:

 Spells                   Type           Power      Damage    Failure   Level
 Apportation              Tloc           0%         N/A       30%         1
 Necrotise                Necr           0%         1d4       30%         1
 Summon Small Mammal      Summ           0%         N/A       30%         1
 Cigotuvi's Dreadful Rot  Necr/Pois/Air  0%         N/A       43%         2
 Ignite Poison            Fire/Tmut/Pois 0%         N/A       67%         3
 Anguish                  Hex/Necr       0%         N/A       97%         4
 Freezing Cloud           Conj/Ice/Air   0%         6-21      100%        5
 Enfeeble                 Hex            0%         N/A       100%        7


Dungeon Overview and Level Annotations

Branches:
Dungeon (4/15)
 Temple: D:4-7

Altars:
Ashenzari
Trog
Xom

Annotations:
D:4 Dowan, Duvessa


Innate Abilities, Weirdness & Mutations

You are small and have problems with some larger weapons.
You are completely attuned to the shadows.


Message History

Aim: Dowan, wielding a +0 hand axe and wearing a +0 robe (60% to hit)
The bolt of light misses Dowan.
Duvessa closely misses you. Dowan closely misses you.
Unknown command.
Unknown command.
Aiming: Bolt of Light
Press: ? - help, Shift-Dir - straight line, f/p - Dowan
Aim: Dowan, wielding a +0 hand axe and wearing a +0 robe (60% to hit)
The bolt of light hits Dowan!
Dowan is moderately wounded.
Dowan is blinded.
Duvessa hits you with a +0 rapier. Dowan closely misses you.
Unknown command.
You catch the helpless Dowan completely off-guard!
You puncture Dowan!
Dowan is almost dead.
Duvessa hits you with a +0 rapier.
Unknown command.
You hit Duvessa.
Duvessa is heavily wounded.
Dowan shouts!
You hear an angry hiss.
Duvessa hits you with a +0 rapier!
* * * LOW HITPOINT WARNING * * *
Unknown command.
Aiming: Bolt of Light
Press: ? - help, Shift-Dir - straight line, f - Duvessa, p - Dowan
Aim: Duvessa, wielding a +0 rapier and wearing a +2 ring mail of cold resistance (heavily wounded, very poisoned, 79% to hit)
The bolt of light hits Duvessa!
Duvessa is severely wounded.
Duvessa is blinded.
Dowan barely misses you.
Throw: 5 boomerangs
Press: ? - help, Q - select action, (/) - cycle Shift-Dir - straight line, f/p - Duvessa
Aim: Duvessa, wielding a +0 rapier and wearing a +2 ring mail of cold resistance (severely wounded, wandering, blind, very poisoned, hasn't noticed you, 71% to hit)
You throw a boomerang.
The boomerang hits Duvessa but does no damage.
Duvessa is severely wounded.
Dowan points at you and mumbles some strange words.
The puff of frost hits you!
You die...

#....<...# #.#..÷.#.#
#.#.##)#.# #.#...<..#
.....†###.# ..
......'...# ....
##....##### #####....#
#....# #...e....+
#....## #..@(....#
#.....# #...e....# .
#.....# #........#..
#####.######......†...#
#..................
#............####.#
#............#
###...##.....#
###......†.#


You could see Duvessa (wandering, blind, very poisoned) and Dowan (blind).

Vanquished Creatures
  Grinder (D:3)
  Sigmund (D:3)
  A jelly (D:4)
  A hound (D:4)
  Natasha (thrice) (D:4)
  An orc wizard (D:4)
  Robin (D:3)
  6 adders
  2 dart slugs
  2 worms (D:2)
  4 orcs
  6 ball pythons
  7 bats
  6 endoplasms
  4 giant cockroaches
  11 goblins
  9 hobgoblins
  A kobold (D:2)
  7 quokkas
  3 frilled lizards
  8 rats
85 creatures vanquished.

Notes
Turn   | Place    | Note
-------+----------+-------------------------------------------
     0 | D:1      | Newt the Kobold Gladiator began the quest for the Orb.
     0 | D:1      | Reached XP level 1. HP: 12/12 MP: 1/1
    88 | D:1      | Reached XP level 2. HP: 18/18 MP: 2/2
   454 | D:1      | Reached XP level 3. HP: 23/23 MP: 3/3
  1442 | D:2      | Reached skill level 3 in Throwing
  1442 | D:2      | Reached XP level 4. HP: 26/29 MP: 4/4
  1597 | D:2      | Found a shimmering altar of Xom.
  2416 | D:3      | Noticed Sigmund
  2426 | D:3      | Killed Sigmund
  2427 | D:3      | Reached skill level 5 in Throwing
  2427 | D:3      | Reached XP level 5. HP: 19/33 MP: 5/5
  2427 | D:3      | Reached XP level 6. HP: 22/38 MP: 6/6
  2569 | D:3      | Noticed Grinder
  2582 | D:3      | Paralysed by Grinder for 2 turns
  2592 | D:3      | Killed Grinder
  2593 | D:3      | Reached XP level 7. HP: 13/43 MP: 7/7
  3014 | D:3      | Found a bloodstained altar of Trog.
  3022 | D:3      | Found a broken altar of Ashenzari.
  3092 | D:3      | Noticed Robin
  3101 | D:3      | Killed Robin
  3126 | D:4      | Reached skill level 1 in Stealth
  3176 | D:4      | Noticed Natasha
  3189 | D:4      | Killed Natasha
  3194 | D:4      | Noticed Duvessa
  3544 | D:4      | Noticed Natasha
  3550 | D:4      | Killed Natasha
  3592 | D:4      | Noticed Natasha
  3594 | D:4      | Killed Natasha
  3602 | D:4      | Noticed Dowan
  3610 | D:4      | Killed from afar by Dowan

Illustrated notes

Levels and vault maps discovered:
D:1:      minmay_arrival_floating_metal, layout_basic
D:2:      layout_basic, basic_altar
D:3:      layout_basic, grunt_temple_overflow_open, uniq_sigmund, uniq_robin,
          uniq_grinder
D:4:      layout_basic, old_standard_altar, mainiacjoe_overflow_catwalk,
          minmay_misc_feat_x, uniq_duvessa, uniq_eustachio, uniq_natasha

Skill      XL: |  1  2  3  4  5  6  7 |
---------------+----------------------+-----
Fighting       | 3 4 |  4.0
Throwing       | 3 5 |  5.6
Armour         | 2 3 4 |  4.0
Dodging        | 4 |  4.0
Stealth        | 3 |  3.0
Short Blades   | |  4.0

Action                     |  1- 3 |  4- 6 |  7- 9 || total
---------------------------+-------+-------+-------++-------
  Melee: Rapier            |    80 |    69 |   113 ||   262
         Punch             |     1 |       |     1 ||     2
  Throw: Dart              |     2 |     5 |     2 ||     9
         Throwing net      |     1 |     3 |       ||     4
         Boomerang         |     1 |       |    12 ||    13
  Evoke: Wand              |       |       |     3 ||     3
    Use: Scroll            |     3 |     5 |     3 ||    11
         Potion            |       |     1 |       ||     1
   Stab: Sleeping          |    11 |     6 |     1 ||    18
         Invisible         |     1 |     2 |     1 ||     4
         Distracted        |     1 |       |     2 ||     3
         Held in net/web   |       |     2 |       ||     2
 Armour: Leather armour    |    23 |    20 |    36 ||    79
  Dodge: Dodged            |    74 |    43 |    88 ||   205

Table legend: (Time is in decaauts)
 A = Elapsed time spent in this place.
 B = Non-inter-level travel time spent in this place.
 C = Inter-level travel time spent in this place.
 D = Time resting spent in this place.
 E = Time spent auto-exploring this place.
 F = Levels seen in this place.
 G = Mean time per level.
                   A        B        C        D        E       F      G
               +--------+--------+--------+--------+--------+-----+--------+
         Total |   3638 |   3489 |    149 |    722 |   2178 |   4 |  909.5 |
       Dungeon |   3638 |   3489 |    149 |    722 |   2178 |   4 |  909.5 |
               +--------+--------+--------+--------+--------+-----+--------+

Top non-repeatable levels by time:
     D:3: 1502 daAuts
     D:1: 1148 daAuts
     D:2: 820 daAuts
     D:4: 166 daAuts
